 Dungeon Crawl Stone Soup version 0.27-a0-797-g27d10ad80f (webtiles) character file.

Game seed: 2610841389388859085

189 sahdkjhfkaj the Skirmisher (level 5, -5/49 HPs)
             Began as a Palentonga Gladiator on Mar 27, 2021.
             Slain by an ogre
             ... wielding a +0 giant spiked club
              (22 damage)
             ... on level 4 of the Dungeon.
             The game lasted 00:00:30 (4113 turns).

sahdkjhfkaj the Skirmisher (Palentonga Gladiator)   Turns: 4113, Time: 00:00:30

Health: -5/49      AC:  5    Str: 19    XL:     5   Next: 40%
Magic:  5/5        EV:  9    Int:  8    God:
Gold:   76         SH:  0    Dex: 11    Spells: 4/4 levels left

rFire    . . .     SeeInvis +   a - +0 quarterstaff
rCold    . . .     Faith    .   (shield currently unavailable)
rNeg     . . .     Spirit   .   b - +0 leather armour
rPois    .         Reflect  .   c - +0 helmet
rElec    .         Harm     .   (no cloak)
rCorr    .         Rampage  .   (no gloves)
Will     .....                  (no barding)
Stlth    +.........             (no amulet)
HPRegen  0.16/turn              (no ring)
MPRegen  0.09/turn              (no ring)

@: no status effects
A: large, rugged brown scales 3, see invisible, deformed body, roll 1, armoured
tail
a: Rolling Charge


You were on level 4 of the Dungeon.
You visited 1 branch of the dungeon, and saw 4 of its levels.

You collected 76 gold pieces.

Inventory:

Hand Weapons
 a - a +0 quarterstaff (weapon)
Missiles
 d - 3 throwing nets
Armour
 b - a +0 leather armour (worn)
 c - a +0 helmet (worn)
Jewellery
 e - an amulet of faith
   (You found it on level 1 of the Dungeon)
Scrolls
 f - 2 scrolls of amnesia {unknown}
 g - a scroll of holy word {unknown}
 i - 3 scrolls of immolation {unknown}
Potions
 q - a potion of curing


   Skills:
 + Level 5.7 Fighting
 - Level 3.0 Staves
 - Level 1.3 Throwing
 - Level 2.4 Dodging


You had 4 spell levels left.
You didn't know any spells.
Your spell library was empty.

Dungeon Overview and Level Annotations

Branches:
Dungeon (4/15)
 Temple: D:4-7

Altars:
Qazlal
Sif Muna

Shops:
D:1 =?   D:2 [


Innate Abilities, Weirdness & Mutations

You are completely covered in rugged brown scales. (AC +3, +7% HP)
You have supernaturally acute eyesight. (SInv)
Armour fits poorly on your strangely shaped body.
You can roll at nearby foes to attack.
You have a long armoured tail.


Message History

The ball python barely misses you.
You hit the jackal.
The jackal is severely wounded.
The jackal barely misses you.
The ball python bites you but does no damage.
The jackal completely misses you.
An ogre comes into view. It is wielding a +0 giant spiked club.
You thump the jackal!
You kill the jackal!
The ball python bites you but does no damage.
The ball python barely misses you.
You sock the ball python!
You kill the ball python!
You roll forward with a clatter of scales!
You hit the giant cockroach.
The giant cockroach is heavily wounded.
The giant cockroach barely misses you.
The giant cockroach completely misses you.
You hit the giant cockroach.
You kill the giant cockroach!
You roll forward with a clatter of scales!
You hit the ogre.
The ogre is lightly wounded.
You hear an angry hiss.
The ogre closely misses you.
You barely miss the ogre.
The ogre is lightly wounded.
The ogre hits you with a +0 giant spiked club!!
You sock the ogre!
The ogre is heavily wounded.
The ogre closely misses you.
You hit the ogre.
The ogre is heavily wounded.
The ogre hits you with a +0 giant spiked club.
A ball python comes into view.
The ogre barely misses you.
You hit the ogre. You tail-slap the ogre.
The ogre is severely wounded.
The ogre hits you with a +0 giant spiked club!!
You die...

...............
#......S.........
#................
#................
#................
#................
.................
#........@O......
.......††........
#................
...
#######.....#...#
#.. #.....# ..# #.#
#.....# .+ #..
#.....# # #.#
#....<# #.#.#
#....###########.#.#


You could see an ogre and a ball python.

Vanquished Creatures
  A bullfrog skeleton (D:4)
  An orc priest (D:3)
  5 adders
  2 worms
  3 dart slugs
  9 orcs
  5 ball pythons
  7 endoplasms
  3 giant cockroaches
  4 goblins
  3 hobgoblins
  6 jackals
  3 kobolds
  6 bats
  5 frilled lizards
  4 rats
67 creatures vanquished.

Notes
Turn   | Place    | Note
-------+----------+-------------------------------------------
     0 | D:1      | sahdkjhfkaj the Palentonga Gladiator began the quest for
                  | the Orb.
     0 | D:1      | Reached XP level 1. HP: 17/17 MP: 1/1
   165 | D:1      | Found Gimm's Magic Scroll Shop.
   361 | D:1      | Reached XP level 2. HP: 20/24 MP: 2/2
   439 | D:1      | Reached skill level 3 in Fighting
   880 | D:1      | Found Nerrios's Jewellery Boutique.
  1103 | D:2      | Found a stormy altar of Qazlal.
  1171 | D:2      | HP: 1/25 [adder (3)]
  1178 | D:2      | Reached XP level 3. HP: 8/31 MP: 3/3
  1486 | D:2      | Found Rahet's Armour Shoppe.
  1522 | D:2      | Found a shimmering blue altar of Sif Muna.
  2120 | D:2      | Reached skill level 4 in Fighting
  2747 | D:3      | Reached XP level 4. HP: 29/40 MP: 4/4
  2981 | D:3      | Reached skill level 5 in Fighting
  3770 | D:3      | Reached XP level 5. HP: 47/47 MP: 5/5
  4104 | D:4      | Noticed an ogre
  4113 | D:4      | Slain by an ogre

Illustrated notes

Levels and vault maps discovered:
D:1:      dpeg_arrival_leaves_temple_mockup, layout_basic, serial_shops, shop,
          shop
D:2:      layout_loops_corners, nicolae_sif_muna_condensation,
          grunt_qazlal_clouds, serial_shops, nicolae_shop_window_shopping
D:3:      layout_loops_ring
D:4:      layout_basic, minmay_three_crescents

Skill      XL: |  1  2  3  4 |
---------------+-------------+-----
Fighting       | 3 4 5 |  5.7
Staves         | |  3.0
Throwing       | |  1.3
Dodging        | |  2.4

Action                   |  1- 3 |  4- 6 || total
-------------------------+-------+-------++-------
Melee: Quarterstaff      |   128 |    71 ||   199
       Tailslap          |    10 |     9 ||    19
 Abil: Rolling Charge    |     3 |    15 ||    18
  Use: Potion            |     1 |       ||     1
Armor: Leather armour    |    47 |    23 ||    70
Dodge: Dodged            |    59 |    42 ||   101

Table legend: (Time is in decaauts)
 A = Elapsed time spent in this place.
 B = Non-inter-level travel time spent in this place.
 C = Inter-level travel time spent in this place.
 D = Time resting spent in this place.
 E = Time spent auto-exploring this place.
 F = Levels seen in this place.
 G = Mean time per level.
                   A        B        C        D        E       F      G
               +--------+--------+--------+--------+--------+-----+--------+
         Total |   4142 |   4081 |     61 |      0 |   3705 |   4 | 1035.5 |
       Dungeon |   4142 |   4081 |     61 |      0 |   3705 |   4 | 1035.5 |
               +--------+--------+--------+--------+--------+-----+--------+

Top non-repeatable levels by time:
     D:2: 1505 daAuts
     D:3: 1467 daAuts
     D:1: 1075 daAuts
     D:4: 94 daAuts
